 Dungeon Crawl Stone Soup version 0.17.1-2-g5865329 (webtiles) character file.

340 Jerry the Stinger (level 6, -2/36 HPs)
             Began as an Octopode Venom Mage on Feb 8, 2016.
             Was a Follower of Ashenzari.
             Slain by an ufetubus (5 damage)
             ... summoned by Eustachio
             ... on level 4 of the Dungeon.
             The game lasted 00:39:04 (5693 turns).

Jerry the Stinger (Octopode Venom Mage)             Turns: 5693, Time: 00:39:04

Health: -2/36      AC:  1    Str:  8    XL:     6   Next: 56%
Magic:  7/10       EV:  8    Int: 19    God:    Ashenzari [*.....]
Gold:   171        SH:  0    Dex: 12    Spells: 2 memorised, 7 levels left

rFire  . . .     SeeInvis .     g - +0 dagger (curse)
rCold  . . .     Clarity  .     (no shield)
rNeg   . . .     SustAt   .     (helmet restricted)
rPois  .         Gourm    .     (no amulet)
rElec  .         Spirit   .     f - ring of teleportation (curse)
rCorr  .         Warding  .     (no ring)
rMut   .         Rnd*Tele +     (no ring)
MR     .....                    (no ring)
Stlth  ++++......               (no ring)
                                (no ring)
                                (no ring)
                                (no ring)

@: not resistant to hostile enchantments, stealthy
A: almost no armour, amphibious, 8 rings, constrict 8, camouflage 1, gelatinous
body 1
a: Scrying, Renounce Religion, Evoke Teleportation


You were on level 4 of the Dungeon.
You worshipped Ashenzari.
Ashenzari was aware of your devotion.
You were hungry.

You visited 2 branches of the dungeon, and saw 5 of its levels.

You collected 171 gold pieces.

Inventory:

Hand Weapons
 g - a cursed +0 dagger (weapon)
Armour
 h - a +0 large shield
Jewellery
 f - a cursed ring of teleportation (left tentacle)
Scrolls
 d - a scroll of enchant armour {unknown}
 e - a scroll of magic mapping
 i - 5 scrolls of curse jewellery
 q - a scroll of remove curse
Potions
 c - a potion of cancellation {unknown}
 j - a potion of berserk rage {unknown}
 k - a potion of lignification {unknown}
 l - 3 potions of flight
 p - a potion of brilliance
Books
 a - a Young Poisoner's Handbook

   Spells                             Type                      Level
   a - Sting                          Conjuration/Poison           1
   b - Cure Poison                    Poison                       2
   c - Mephitic Cloud                 Conjuration/Poison/Air       3
   d - Olgreb's Toxic Radiance        Poison                       4
   e - Venom Bolt                     Conjuration/Poison           5
Comestibles
 b - 2 bread rations
 m - a meat ration


   Skills:
 - Level 3.0 Dodging
 + Level 4.2 Stealth
 - Level 3.0 Spellcasting
 + Level 2.8 Conjurations
 + Level 2.8 Air Magic
 - Level 5.5 Poison Magic


You had 7 spell levels left.
You knew the following spells:

 Your Spells              Type           Power        Failure   Level  Hunger
a - Sting                 Conj/Pois      ###.         3%          1    None
b - Mephitic Cloud        Conj/Pois/Air  ###.....     12%         3    ###....


Dungeon Overview and Level Annotations

Branches:
Dungeon (4/15)             Temple (1/1) D:4

Altars:
Ashenzari
Cheibriados
Dithmenos
Elyvilon
Fedhas
Gozag
Kikubaaqudgha
Makhleb
Nemelex Xobeh
Okawaru
Qazlal
Ru
Sif Muna
Vehumet
Xom
Yredelemnul
Zin
The Shining One

Annotations:
D:4 Eustachio; Kiel97's ghost, amateur GrFi


Innate Abilities, Weirdness & Mutations

You cannot wear most types of armour.
You are amphibious.
You can wear up to eight rings at the same time.
You can use your tentacles to constrict eight enemies at once.
Your skin changes colour to match your surroundings (Stealth).
Your rubbery body absorbs attacks (AC +1).


Message History

Eustachio is heavily wounded.
Eustachio mumbles some strange words.
The ufetubus hits you. The ufetubus barely misses you.
The ufetubus barely misses you. The ufetubus hits you.
The ufetubus closely misses you. The ufetubus completely misses you.
There is an open door here.
The ufetubus hits you. x2
The ufetubus barely misses you. The ufetubus closely misses you.
The ufetubus hits you. x2
* * * LOW HITPOINT WARNING * * *
The ufetubus hits you.
* * * LOW HITPOINT WARNING * * *
The ufetubus hits you but does no damage.
There is an open door here.
The ufetubus closely misses you. The ufetubus misses you.
There is a staircase to the Ecumenical Temple here.
The ufetubus hits you.
* * * LOW HITPOINT WARNING * * *
The ufetubus hits you.
You die...

#.....ยง.# ###.### #.##.##.#
#.....#
#.##.##.##.###.....#######
#.##r##.##...............####
#.##5##.######..............#
#.##r##......###@###@###.##.#
5r...##.####b#..5..#.# .#
..#####.# #.#5#5#.#.# # ###
#.# #.'.#@#.'.# #.#
###.###.### #.# #.....# #.#
###+### #.


You could see Eustachio and 3 ufetubi.

Vanquished Creatures
  2 orc priests (D:3)
  An orc wizard (D:3)
  Terence (D:2)
  2 worker ants
  Robin (D:2)
  3 adders
  6 gnolls (D:2)
  An ooze (D:1)
  An adder skeleton (D:4)
  6 orcs (D:3)
  5 giant cockroaches
  9 hobgoblins
  9 jackals
  3 bats (D:1)
  A giant gecko (D:2)
  4 giant newts
  19 goblins
  12 kobolds
  7 rats
93 creatures vanquished.

Notes
Turn   | Place    | Note
--------------------------------------------------------------
     0 | D:1      | Jerry the Octopode Venom Mage began the quest for the Orb.
     0 | D:1      | Reached XP level 1. HP: 11/11 MP: 3/3
   126 | D:1      | Reached skill level 5 in Poison Magic
   407 | D:1      | Reached XP level 2. HP: 17/17 MP: 5/5
   521 | D:1      | Reached skill level 1 in Conjurations
  1103 | D:1      | Reached XP level 3. HP: 21/21 MP: 6/6
  1229 | D:2      | Noticed Terence
  1249 | D:2      | HP: 1/21 [Terence/falchion (4)]
  1252 | D:2      | Killed Terence
  1708 | D:2      | Reached XP level 4. HP: 18/27 MP: 1/7
  1785 | D:2      | Noticed Robin
  1964 | D:2      | Killed Robin
  2117 | D:2      | Learned a level 3 spell: Mephitic Cloud
  2460 | D:2      | Reached XP level 5. HP: 31/31 MP: 4/8
  2750 | D:2      | Reached skill level 1 in Air Magic
  2816 | D:2      | Found a blossoming altar of Fedhas.
  3560 | D:2      | Found a glowing silver altar of Zin.
  3560 | D:2      | Found a shattered altar of Ashenzari.
  3560 | D:2      | Found a radiant altar of Vehumet.
  3579 | D:2      | Became a worshipper of Ashenzari the Shackled
  3913 | D:3      | Reached XP level 6. HP: 16/36 MP: 1/10
  5026 | D:4      | Noticed Kiel97's ghost (amateur GrFi)
  5356 | D:4      | Noticed Eustachio
  5393 | D:4      | Found a staircase to the Ecumenical Temple.
  5411 | Temple   | Entered the Ecumenical Temple
  5513 | Temple   | Reached * piety under Ashenzari
  5693 | D:4      | Slain by an ufetubus

Action                   |  1- 3 |  4- 6 || total
-------------------------+-------+-------++-------
Melee: Unarmed           |    10 |       ||    10
       Dagger            |    38 |    72 ||   110
 Cast: Sting             |    41 |   122 ||   163
  Use: Potion            |     3 |       ||     3
       Scroll            |       |     6 ||     6
 Stab: Sleeping          |    11 |     7 ||    18
  Eat: Chunk             |     3 |    12 ||    15
